AoeStats
← Reubombo

Coastal Forest

510748184Analyzed
2v2 RM · 19h ago on Oct 2, 2026· 36m 28s· 4 players
Game mode
Random Map
Map size
Medium (4 player)
Population
200
Speed
Normal
Resources
Standard
Victory
Conquest
Starting age
Dark Age
Ending age
Imperial Age
RankedLock teamsTeams togetherTeam positionsShared explorationLock speedFull tech treeHidden civsTurbo modeCheats
Victory
Defeat
🇳🇱 Vietnamese · Netherlands
1048
+46
🇳🇱 Varangians · Netherlands
1040
+16
🇨🇳 Danes · China
1043
-16
🇨🇳 Tupi · China
1034
-16
咸鱼夜夜
3:31 Loom
10:02 Feudal Age
14:17 Castle Age
12:49 Double-Bit Axe
13:22 Horse Collar
15:39 Bow Saw
15:54 Heavy Plow
19:05 Pikeman
20:48 Champi Runner
26:16 Wheelbarrow
27:05 Forging
26:55 Scale Mail Armor
26:53 Gold Mining
26:56 Stone Mining
28:51 Gold Mining
29:49 Hand Cart
30:30 Iron Casting
29:55 Scale Mail Armor
33:05 Imperial Age
31:18 Iron Casting
31:14 Champi Warrior
31:56 Squires
32:29 Chain Mail Armor
32:25 Caciques
[**]XIANYU
0:41 Loom
11:41 Feudal Age
13:33 Man-at-Arms
14:11 Double-Bit Axe
16:09 Horse Collar
16:58 Fletching
17:20 Forging
17:10 Padded Archer Armor
17:13 Scale Mail Armor
29:01 Castle Age
35:37 Bow Saw
36:13 Heavy Plow
deidrich73
8:19 Loom
10:57 Feudal Age
12:18 Double-Bit Axe
13:09 Bloodlines
14:24 Wheelbarrow
13:54 Horse Collar
15:58 Scale Barding Armor
16:37 Forging
16:42 Fishing Lines
20:14 Castle Age
19:42 Town Watch
21:29 Chain Barding Armor
21:40 Hand Cart
21:38 Bow Saw
32:06 Husbandry
35:29 Gold Mining
35:29 Stone Mining
Reubombo
8:11 Loom
10:09 Feudal Age
11:56 Double-Bit Axe
11:53 Horse Collar
15:28 Fletching
15:38 Padded Archer Armor
16:46 Padded Archer Armor
22:38 Castle Age
23:57 Gold Mining
23:57 Stone Mining
24:10 Heavy Plow
24:24 Bow Saw
23:47 Crossbowman
28:01 Wheelbarrow
27:12 Town Watch
29:15 Hand Cart
29:45 Ballistics
33:04 Bodkin Arrow
33:24 Leather Archer Armor
33:19 Murder Holes
34:15 Town Patrol
34:55 Stone Shaft Mining
Connection lost

Rejoining the realm…

Still unreachable

The connection could not be restored.

Session expired

The server has moved on; the page needs a fresh start.